 Dungeon Crawl Stone Soup version 0.30.0-11-gf55b779eaf (webtiles) character file.

Game seed: 1527876803199338286

34 Strat the Slasher (level 3, 0/27 HPs)
             Began as a Demonspawn Warper on May 16, 2023.
             Succumbed to an adder's poison
             ... on level 2 of the Dungeon.
             The game lasted 00:03:01 (943 turns).

Strat the Slasher (Demonspawn Warper)                Turns: 943, Time: 00:03:02

Health: 0/27       AC:  5    Str: 17    XL:     3   Next: 14%
Magic:  6/6        EV: 11    Int: 14    God:
Gold:   51         SH:  0    Dex: 14    Spells: 6/6 levels left

rFire   . . .        a - +0 falchion
rCold   + . .        (no shield)
rNeg    . . .        i - +0 ring mail
rPois   .            (helmet restricted)
rElec   .            (no cloak)
rCorr   +            (no gloves)
SInv    .            (no boots)
Will    .....        (no amulet)
Stlth   +            f - +6 ring of strength
HPRegen 0.24/turn    g - ring of resist corrosion
MPRegen 0.10/turn

%: no passive effects
@: lethally poisoned (0 -> -2)
A: antennae 1, cold resistance 1
a: no special abilities


You were on level 2 of the Dungeon.
You visited 1 branch of the dungeon, and saw 3 of its levels.

You collected 51 gold pieces.

Inventory:

Hand Weapons
 a - a +0 falchion (weapon)
Missiles
 d - 7 boomerangs of dispersal (quivered)
 l - 6 atropa-tipped darts
Armour
 b - a +0 leather armour
 i - a +0 ring mail (worn)
Jewellery
 f - a +6 ring of strength (left hand)
 g - a ring of resist corrosion (right hand)
Scrolls
 c - a scroll of blinking
 e - 3 scrolls of poison {unknown}
 j - a scroll of fog {unknown}
 k - a scroll of immolation {unknown}
 m - a scroll of identify {unknown}


   Skills:
 - Level 2.0 Fighting
 + Level 3.3 Long Blades
 - Level 0.8 Throwing
 - Level 0.8 Armour
 - Level 1.7 Dodging
 - Level 2.0 Spellcasting
 - Level 2.6 Translocations


You had 6 spell levels left.
You didn't know any spells.
Your spell library contained the following spells:

 Spells                   Type           Power      Damage    Failure   Level
 Blink                    Tloc           16%        N/A       22%         2
 Lesser Beckoning         Tloc           16%        N/A       22%         2
 Teleport Other           Tloc           8%         N/A       41%         3
 Vhi's Electric Charge    Tloc/Air       10%        N/A       58%         3
 Hailstorm                Conj/Ice       1%         3d3       78%         3
 Manifold Assault         Tloc           8%         N/A       82%         4
 Ice Form                 Ice/Tmut       1%         N/A       99%         4
 Simulacrum               Ice/Necr       0%         N/A       100%        6


Dungeon Overview and Level Annotations

Branches:
Dungeon (3/15)

Altars:

Annotations:
D:2 Natasha


Innate Abilities, Weirdness & Mutations

You have a pair of small antennae on your head.
Your flesh is cold resistant. (rC+)


Message History

The adder bites you.
* * * LOW HITPOINT WARNING * * *
The adder bites you but does no damage. The endoplasm freezes you.
You are frozen.
* * * LOW HITPOINT WARNING * * *
You miss the adder.
The adder is severely wounded.
The adder closely misses you. The endoplasm barely misses you.
You miss the adder.
The adder is severely wounded.
The adder bites you.
* * * LOW HITPOINT WARNING * * *
You are poisoned.
The adder poisons you!
The endoplasm hits you but does no damage.
The adder barely misses you.
You barely miss the adder.
The adder is severely wounded.
You feel sick. The adder barely misses you. The endoplasm hits you.
* * * LOW HITPOINT WARNING * * *
You closely miss the adder.
The adder is severely wounded.
You feel sick. The adder bites you.
* * * LOW HITPOINT WARNING * * *
The endoplasm closely misses you. The adder bites you.
* * * LOW HITPOINT WARNING * * *
Unknown command.
It was a potion of mutation.
You feel extremely strange.
You feel resistant to cold.
* * * LOW HITPOINT WARNING * * *
You feel sick. The endoplasm misses you. The adder misses you.
You hit the adder.
The adder is severely wounded.
* * * LOW HITPOINT WARNING * * *
You feel sick. The adder bites you but does no damage.
The endoplasm hits you but does no damage.
You hit the adder.
You kill the adder!
You die...

....# .... ....#
....... ....#
....... <...#
........ ...##
....$...### ..)#
....?.....# ###.
...# .......
#.##).... ...#
.......##......#
...#
#...J@†b#....#
####
#.#######....#
..## ..# .# ##


You could see an endoplasm and a bat.

Vanquished Creatures
  An adder (D:2)
  A dart slug (D:1)
  5 bats
  2 giant cockroaches (D:1)
  4 goblins
  5 hobgoblins (D:1)
  2 jackals (D:1)
  2 kobolds (D:1)
  2 quokkas (D:1)
  2 ball pythons (D:1)
  2 frilled lizards (D:1)
28 creatures vanquished.

Notes
Turn   | Place    | Note
-------+----------+-------------------------------------------
     0 | D:1      | Strat the Demonspawn Warper began the quest for the Orb.
     0 | D:1      | Reached XP level 1. HP: 16/16 MP: 3/3
    47 | D:1      | Reached skill level 2 in Long Blades
   192 | D:1      | Gained mutation: You have a pair of small antennae on your
                  | head. [demonic ancestry]
   192 | D:1      | Reached XP level 2. HP: 22/22 MP: 5/5
   321 | D:1      | Reached skill level 3 in Long Blades
   495 | D:1      | Reached XP level 3. HP: 18/27 MP: 6/6
   734 | D:2      | Noticed Natasha
   751 | D:2      | You fall into a shaft and drop 1 floor!
   941 | D:2      | Gained mutation: Your flesh is cold resistant. (rC+)
                  | [potion of mutation]
   941 | D:2      | HP: 1/27 [poisoned by an adder]
   943 | D:2      | Succumbed to an adder's poison

Illustrated notes

Levels and vault maps discovered:
D:1:      amcnicky_arrival_single_pillar, layout_rooms, minmay_3d_cube
D:2:      layout_basic, uniq_natasha, uniq_sigmund, uniq_jessica
D:3:      wad_pebble_path, layout_basic

Skill      XL: |  1  2 |
---------------+-------+-----
Long Blades    | 2 3 |  3.3
Fighting       | |  2.0
Throwing       | |  0.8
Armour         | |  0.8
Dodging        | |  1.7
Spellcasting   | |  2.0
Translocations | |  2.6

Action                     || total
---------------------------++-------
  Melee: Falchion          ||   101
         Punch             ||     1
    Use: Potion            ||     1
 Armour: Leather armour    ||    24
         Ring mail         ||    17
  Dodge: Dodged            ||    89
